 Dungeon Crawl Stone Soup version 0.31-a0-963-ga325b2283a (webtiles) character file.

Game seed: 6415906782003304520

19884 sokol815 the Slicer (level 12, -12/80 HPs)
             Began as an Octopode Brigand on Oct 25, 2023.
             Was an Initiate of Gozag.
             Mangled by a komodo dragon (24 damage)
             ... on level 2 of the Lair of Beasts on Oct 26, 2023.
             The game lasted 00:32:20 (13883 turns).

sokol815 the Slicer (Octopode Brigand)             Turns: 13883, Time: 00:32:21

Health: -12/80     AC:  5    Str: 12    XL:     12   Next: 73%
Magic:  19/19      EV: 15    Int: 19    God:    Gozag
Gold:   307        SH: 13    Dex: 21    Spells: 18/21 levels left

rFire   . . .        a - +4 rapier (speed)
rCold   . . .        r - +2 kite shield
rNeg    + . .        (helmet restricted)
rPois   .            K - amulet of the acrobat
rElec   .            A - +4 ring of protection
rCorr   .            (no ring)
SInv    +            I - +6 ring of intelligence
Will    +....        g - ring of positive energy {rN+}
Stlth   ++++++       m - ring of Departure {Will+ Dex+4 SInv}
HPRegen 0.33/turn    (no ring)
MPRegen 0.16/turn    (no ring)
                     (no ring)

%: acrobat
@: no status effects
A: almost no armour, amphibious, 8 rings, camouflage 1, gelatinous body 1,
(nimble swimmer 1), tentacles
a: Renounce Religion, Potion Petition, Call Merchant, Bribe Branch


You were on level 2 of the Lair of Beasts.
You worshipped Gozag.
Gozag was aware of your devotion.
You visited 3 branches of the dungeon, and saw 13 of its levels.

You collected 2357 gold pieces.
You spent 611 gold pieces at shops.
You paid 1439 gold pieces to Gozag.

Inventory:

Hand Weapons
 a - a +4 rapier of speed (weapon)
   (You bought it in a shop on level 9 of the Dungeon)
 b - a +7 rapier of venom
   (You found it on level 5 of the Dungeon)
 d - a +1 whip of electrocution
   (You took it off a kobold on level 8 of the Dungeon)
 h - a +4 dagger of venom
 i - the +4 glaive of the Beast {distort, Str+2}
   (You took it off a wight on level 8 of the Dungeon)

   Str+2:     It affects your strength (+2).
 t - a +2 dagger of venom
   (You found it on level 6 of the Dungeon)
 y - a +3 trident
   (You took it off a wight on level 8 of the Dungeon)
 z - a +2 hand axe of freezing
   (You took it off a wight on level 8 of the Dungeon)
 D - a +1 long sword of holy wrath
   (You took it off an orc warrior on level 10 of the Dungeon)
Missiles
 j - 3 javelins
 o - 4 curare-tipped darts (quivered)
 s - 113 stones
 x - 3 boomerangs
 C - a throwing net {!d}
 H - 45 poisoned darts
Armour
 r - a +2 kite shield (worn)
   (You took it off a gnoll sergeant on level 9 of the Dungeon)
Magical Staves
 v - a staff of conjuration
   (You found it on level 7 of the Dungeon)
Jewellery
 c - a ring of ice {rC+, rF-}
   (You found it on level 3 of the Dungeon)
 g - a ring of positive energy (on tentacle) {rN+}
   (You found it on level 4 of the Dungeon)
 k - an amulet of magic regeneration
   (You found it on level 2 of the Dungeon)
 l - a ring of ice {rC+, rF-}
   (You took it off Fannar on level 1 of the Lair of Beasts)
 m - the ring of Departure (on tentacle) {Will+ Dex+4 SInv}
   (You bought it in a shop on level 2 of the Dungeon)

   [ring of see invisible]

   Dex+4:     It affects your dexterity (+4).
   Will+:     It increases your willpower.
   SInv:      It lets you see invisible.
 A - a +4 ring of protection (left tentacle)
   (You found it on level 1 of the Dungeon)
 I - a +6 ring of intelligence (on tentacle)
   (You found it on level 4 of the Dungeon)
 K - an amulet of the acrobat (around mantle)
   (You found it on level 2 of the Lair of Beasts)
Wands
 p - a wand of roots (39)
   (You found it on level 5 of the Dungeon)
 q - a wand of flame (6)
   (You found it on level 8 of the Dungeon)
Scrolls
 e - a scroll of amnesia
 f - a scroll of revelation
 n - 2 scrolls of brand weapon
 w - 2 scrolls of fog
 E - a scroll of noise {!r}
 F - a scroll of identify {@r1}
 Y - 6 scrolls of teleportation {@r3}
Potions
 u - a potion of cancellation
 B - a potion of brilliance
 G - a potion of ambrosia {!q}
 J - 4 potions of curing {@q1}
 N - 6 potions of heal wounds {@q2}
 P - 2 potions of lignification {!q}
 R - 2 potions of resistance


   Skills:
 * Level 6.9 Fighting
 * Level 13.5 Short Blades
 - Level 2.0 Throwing
 - Level 6.0 Dodging
 - Level 12.0 Stealth
 * Level 4.8 Shields
 - Level 5.0 Spellcasting
 + Level 5.4 Conjurations
 + Level 5.3 Earth Magic


You had 18 spell levels left.
You knew the following spells:

 Your Spells              Type           Power      Damage    Failure   Level
x - Stone Arrow           Conj/Erth      50%        3d10      14%         3

Your spell library contained the following spells:

 Spells                   Type           Power      Damage    Failure   Level
 Slow                     Hex            16%        N/A       38%         1
 Summon Small Mammal      Summ           16%        N/A       38%         1
 Call Canine Familiar     Summ           4%         N/A       77%         3
 Confusing Touch          Hex            4%         N/A       77%         3
 Gell's Gravitas          Tloc           4%         N/A       77%         3
 Inner Flame              Hex/Fire       4%         N/A       77%         3
 Sigil of Binding         Hex            4%         N/A       77%         3
 Summon Guardian Golem    Hex/Summ       4%         N/A       77%         3
 Teleport Other           Tloc           4%         N/A       77%         3
 Vampiric Draining        Necr           4%         2d6       77%         3
 Flame Wave               Conj/Fire      15%        2d7       80%         4
 Sticky Flame             Conj/Fire      15%        2d4       80%         4
 Manifold Assault         Tloc           4%         N/A       99%         4
 Dispersal                Tloc           2%         N/A       100%        6
 Disjunction              Tloc           2%         N/A       100%        8
 Lehudib's Crystal Spear  Conj/Erth      12%        10d4      100%        8
 Animate Armour           Summ/Erth      Unusable   N/A       N/A         4

Dungeon Overview and Level Annotations

Branches:
Dungeon (10/15) Zot: 25739  Temple (1/1) D:4 Zot: 5982    Lair (2/5) D:9 Zot: 9006
    Orc (0/2) D:10
  Swamp: Lair:2-3    Shoals: Lair:2-3     Snake: Lair:2-3    Spider: Lair:2-3

Altars:
Ashenzari
Cheibriados
Dithmenos
Elyvilon
Fedhas
Gozag
Hepliaklqana
Kikubaaqudgha
Makhleb
Nemelex Xobeh
Okawaru
Qazlal
Ru
Sif Muna
Trog
Uskayaw
Vehumet
Wu Jian
Xom
Yredelemnul
Zin
The Shining One

Shops:
D:1 *   D:2 *   D:5 *   D:9 ?(

Annotations:
D:3 3 runed translucent doors, gdog's ghost, amateur GnDe
D:9 1 transporter


Innate Abilities, Weirdness & Mutations

You cannot wear most types of armour.
You are amphibious.
You can wear up to eight rings at the same time.
Your skin changes colour to match your surroundings (Stealth+).
Your rubbery body absorbs attacks. (AC +1, EV +1)
((You are camouflaged when in or above water. (Stealth+)))
You have tentacles for arms and can constrict up to eight enemies at once.


Message History

You puncture the polar bear!
You kill the polar bear!
You now have 270 gold pieces (gained 13).
You start resting.
Health restored: 80
Found a stone staircase leading down.
You now have 285 gold pieces (gained 15).
A bullfrog and a water moccasin come into view.
The bullfrog croaks.
The water moccasin hisses angrily.
You block the bullfrog's attack. x2
You puncture the bullfrog! You grab the bullfrog. You constrict the bullfrog.
You block the bullfrog's attack.
You puncture the bullfrog! You squeeze the bullfrog.
You kill the bullfrog!
The water moccasin is distracted by your dazzling golden aura.
The water moccasin hisses angrily.
You hit the water moccasin.
The water moccasin is no longer distracted by gold.
Your grab misses the water moccasin. You block the water moccasin's attack.
You completely miss the water moccasin. Your grab misses the water moccasin.
You block the water moccasin's attack.
You hit the water moccasin. Your grab misses the water moccasin.
You squeeze the water moccasin! You completely miss the water moccasin.
You grab the water moccasin. You constrict the water moccasin.
The water moccasin closely misses you.
You puncture the water moccasin! You constrict the water moccasin.
The water moccasin completely misses you.
You hit the water moccasin. You squeeze the water moccasin.
You kill the water moccasin!
No target in view!
You now have 292 gold pieces (gained 7).
You now have 300 gold pieces (gained 8).
K - an amulet of the acrobat You start removing your amulet.
You continue taking off your amulet of magic regeneration. x4
You finish taking off your amulet of magic regeneration.
You start putting on your amulet.
You continue putting on your amulet of the acrobat. x5
You finish putting on your amulet of the acrobat.
You feel ready to tumble and roll out of harm's way.
K - an amulet of the acrobat (around mantle)
You barely miss the butterfly. Your grab misses the butterfly.
Your tentacle-slap misses the butterfly.
Your squeeze misses the butterfly.
You now have 307 gold pieces (gained 7).
An iguana comes into view.
A komodo dragon comes into view.
The iguana hisses angrily.
You hit the komodo dragon but do no damage.
The komodo dragon bites you!!
You take 25 damage, and have 55/80 hp.
MASSIVE DAMAGE!!
You hit the komodo dragon but do no damage.
You squeeze the komodo dragon. You completely miss the komodo dragon.
Your squeeze misses the komodo dragon. The komodo dragon barely misses you.
You barely miss the komodo dragon.
You squeeze the komodo dragon, but do no damage.
You puncture the komodo dragon! You squeeze the komodo dragon.
You block the komodo dragon's attack.
You puncture the komodo dragon!
You hit the komodo dragon but do no damage.
The komodo dragon bites you!
You take 14 damage, and have 42/80 hp.
You barely miss the komodo dragon. You hit the komodo dragon.
The komodo dragon misses you.
You hit the komodo dragon but do no damage.
You squeeze the komodo dragon, but do no damage.
You hit the komodo dragon. The komodo dragon bites you!!
* * * LOW HITPOINT WARNING * * *
You take 27 damage, and have 15/80 hp.
MASSIVE DAMAGE!!
You barely miss the komodo dragon. You block the komodo dragon's attack.
A bullfrog comes into view.
The komodo dragon attacks as it pursues you!
You block the komodo dragon's attack. The iguana attacks as it pursues you!
The iguana misses you.
The komodo dragon attacks as it pursues you!
The komodo dragon completely misses you.
The komodo dragon misses you. The iguana attacks as it pursues you!
The iguana misses you.
The komodo dragon attacks as it pursues you!
You block the komodo dragon's attack. The iguana attacks as it pursues you!
The iguana bites you!
* * * LOW HITPOINT WARNING * * *
You take 10 damage, and have 10/80 hp.
The komodo dragon attacks as it pursues you!
You block the komodo dragon's attack.
Throw: 5 darts (curare)
Press: ? - help, Q - select action, (/) - cycle Shift-Dir - straight line, f - komodo dragon
Aim: a komodo dragon (heavily wounded, 71% to hit)
You throw a curare-tipped dart.
The curare-tipped dart hits the komodo dragon.
The komodo dragon is poisoned.
The komodo dragon convulses.
The komodo dragon seems to slow down.
The komodo dragon bites you!!
You die...
Your body crumbles into a pile of gold.

........P# #P.........#
........## #.........#
........##
###........##
#...P.#..# #P......#..#
....###..###
#P...#.###.#
..[..###...## ##...####
### .....##.....#
##....#
...........P#####....##
............F.##@....#
......PP....P.ll....##
...>.......###.#....##
...........#
######..###
...........#
##...######
...........#
###....#.##
...........# ##......#
....>.....## #####....#
........### #P.##...##


You could see a komodo dragon (very poisoned, slow) and an iguana.

Vanquished Creatures
  Snorg (D:10)
  Fannar (Lair:1)
  A hydra (Lair:2)
  A swamp dragon (Lair:2)
  2 elephants (Lair:1)
  2 black mambas
  7 cane toads
  Maggie (D:7)
  5 komodo dragons
  3 kobold demonologists (D:10)
  A polar bear (Lair:2)
  Grinder (D:5)
  4 blink frogs (Lair:1)
  2 shadows
  15 yaks
  A vampire (D:9)
  A wraith (D:9)
  3 wyverns
  4 steam dragons
  2 wargs (D:9)
  An acid dragon (D:8)
  13 water moccasins
  2 sky beasts (D:7)
  3 orc warriors
  4 black bears
  4 centaurs
  10 wolves
  8 kobold brigands
  4 bullfrogs
  A gnoll sergeant (D:9)
  5 scorpions
  10 wights
  9 killer bees
  3 howler monkeys
  3 hounds
  8 orc priests
  2 jellies
  9 orc wizards
  4 iguanas
  11 gnolls
  4 adders
  2 ufetubi (D:6)
  2 worms (D:3)
  4 dart slugs
  23 orcs
  7 endoplasms
  2 giant cockroaches (D:1)
  3 goblins
  7 hobgoblins
  24 kobolds
  3 quokkas
  4 ball pythons
  7 bats
  5 frilled lizards
  3 rats
272 creatures vanquished.

Vanquished Creatures (collateral kills)
  A yak (D:8)
  A killer bee (D:8)
2 creatures vanquished.

Vanquished Creatures (others)
  A kobold (D:8)
1 creature vanquished.

Grand Total: 275 creatures vanquished

Notes
Turn   | Place    | Note
-------+----------+-------------------------------------------
     0 | D:1      | sokol815 the Octopode Brigand began the quest for the Orb.
     0 | D:1      | Reached XP level 1. HP: 14/14 MP: 1/1
    68 | D:1      | Reached XP level 2. HP: 17/19 MP: 2/2
   245 | D:1      | Found a faded altar of an unknown god.
   356 | D:1      | Reached skill level 6 in Stealth
   423 | D:1      | Found Boar's General Store.
   652 | D:1      | Reached XP level 3. HP: 24/24 MP: 3/3
  1345 | D:2      | Found Rommesuo's Assorted Antiques.
  1750 | D:3      | Reached XP level 4. HP: 29/29 MP: 4/4
  1752 | D:3      | Reached skill level 7 in Stealth
  1799 | D:3      | Found an ornate altar of the Wu Jian Council.
  1804 | D:3      | Found a hide-covered altar of Uskayaw.
  1805 | D:3      | Found a runed translucent gate.
  1805 | D:3      | Found a runed translucent gate.
  1805 | D:3      | Found a runed translucent gate.
  1806 | D:3      | Noticed gdog's ghost (amateur GnDe)
  1896 | D:3      | Reached skill level 3 in Short Blades
  2447 | D:4      | Found a stormy altar of Qazlal.
  2606 | D:4      | Reached XP level 5. HP: 34/34 MP: 5/5
  2661 | D:4      | Found a staircase to the Ecumenical Temple.
  2668 | Temple   | Entered the Ecumenical Temple
  2677 | Temple   | Became a worshipper of Gozag Ym Sagoz the Greedy
  2776 | D:4      | Reached skill level 8 in Stealth
  2858 | D:4      | Found an ancient bone altar of Kikubaaqudgha.
  3330 | D:5      | Entered Level 5 of the Dungeon
  3334 | D:5      | Reached XP level 6. HP: 39/39 MP: 6/6
  3338 | D:5      | Found Wausyes's Assorted Antiques.
  3356 | D:5      | Reached skill level 4 in Short Blades
  3470 | D:2      | Bought a crude tin ring for 120 gold pieces
  3470 | D:2      | Identified the ring of Departure {Will+ Dex+4 SInv} (You
                  | bought it in a shop on level 2 of the Dungeon)
  3612 | D:5      | Reached skill level 9 in Stealth
  3654 | D:5      | Noticed a black bear
  3660 | D:5      | Killed a black bear
  3686 | D:5      | Noticed a black bear
  3696 | D:5      | Killed a black bear
  3697 | D:5      | Reached skill level 2 in Dodging
  3697 | D:5      | Reached XP level 7. HP: 24/45 MP: 7/7
  3881 | D:5      | Noticed Grinder
  3892 | D:5      | Killed Grinder
  3893 | D:5      | Reached skill level 3 in Fighting
  3957 | D:5      | Reached skill level 5 in Short Blades
  3957 | D:5      | Reached skill level 3 in Dodging
  3957 | D:5      | Reached skill level 10 in Stealth
  3957 | D:5      | Reached XP level 8. HP: 54/54 MP: 8/8
  4372 | D:6      | Reached skill level 4 in Fighting
  4566 | D:6      | Noticed a shadow
  4576 | D:6      | Killed a shadow
  4685 | D:6      | Reached skill level 6 in Short Blades
  5080 | D:7      | Reached skill level 4 in Dodging
  5201 | D:7      | Noticed Maggie
  5214 | D:7      | Killed Maggie
  5215 | D:7      | Reached skill level 7 in Short Blades
  5215 | D:7      | Reached skill level 11 in Stealth
  5215 | D:7      | Reached XP level 9. HP: 15/58 MP: 9/9
  5217 | D:7      | HP: 10/58 [centaur/+0 whip (6)]
  5610 | D:7      | Reached skill level 5 in Dodging
  5695 | D:7      | Reached skill level 8 in Short Blades
  5970 | D:8      | Reached skill level 12 in Stealth
  6139 | D:8      | Reached skill level 9 in Short Blades
  6176 | D:8      | Reached skill level 6 in Dodging
  6182 | D:8      | HP: 14/58 [poisoned by a killer bee]
  6185 | D:8      | Reached XP level 10. HP: 12/63 MP: 10/10
  6187 | D:8      | HP: 9/63 [poisoned by a killer bee]
  6419 | D:8      | Reached skill level 10 in Short Blades
  6707 | D:8      | Found a shimmering altar of Xom.
  7177 | D:8      | Identified the +4 glaive of the Beast {distort, Str+2}
  7188 | D:8      | Reached skill level 11 in Short Blades
  7194 | D:8      | HP: 9/61 [wight/the +4 glaive of the Beast {distort, Str+2}
                  | (20)]
  7412 | D:8      | Learned a level 3 spell: Stone Arrow
  7779 | D:9      | Found a glowing golden altar of the Shining One.
  7849 | D:9      | Reached skill level 1 in Spellcasting
  7849 | D:9      | Reached skill level 1 in Conjurations
  7849 | D:9      | Reached skill level 1 in Earth Magic
  7974 | D:9      | Found a staircase to the Lair.
  8378 | D:9      | Reached skill level 2 in Conjurations
  8378 | D:9      | Reached skill level 2 in Earth Magic
  8386 | D:9      | Reached skill level 2 in Spellcasting
  8767 | D:9      | Reached XP level 11. HP: 68/69 MP: 14/14
  8777 | D:9      | Reached skill level 12 in Short Blades
  8784 | D:9      | Reached skill level 3 in Conjurations
  8927 | D:9      | Reached skill level 3 in Earth Magic
  9297 | D:9      | Found a sparkling altar of Nemelex Xobeh.
  9297 | D:9      | Found a transporter.
  9297 | D:9      | Noticed a tengu warrior
  9297 | D:9      | Noticed a skeletal warrior
  9530 | D:10     | Entered Level 10 of the Dungeon
  9539 | D:10     | Reached skill level 3 in Spellcasting
  9732 | D:10     | Found a staircase to the Orcish Mines.
  9740 | D:10     | Noticed Snorg
  9743 | D:10     | Killed Snorg
  9821 | D:10     | Found a radiant altar of Vehumet.
 10529 | D:10     | Reached skill level 4 in Conjurations
 10542 | D:10     | Reached skill level 4 in Earth Magic
 10805 | D:9      | Bought a scroll of noise for 15 gold pieces
 10810 | Lair:1   | Entered Level 1 of the Lair of Beasts
 10900 | Lair:1   | Reached skill level 1 in Shields
 10917 | Lair:1   | Noticed Fannar
 11023 | Lair:1   | Killed Fannar
 11035 | Lair:1   | Reached skill level 5 in Fighting
 11191 | Lair:1   | Reached skill level 2 in Shields
 11191 | Lair:1   | Reached skill level 4 in Spellcasting
 11331 | Lair:1   | Reached XP level 12. HP: 41/77 MP: 18/18
 11558 | Lair:1   | Reached skill level 13 in Short Blades
 11593 | Lair:1   | Reached skill level 3 in Shields
 12114 | Lair:1   | You fall into a shaft and drop 1 floor!
 12143 | Lair:2   | Noticed a four-headed hydra
 12155 | Lair:2   | Reached skill level 6 in Fighting
 12161 | Lair:2   | Killed a four-headed hydra
 12168 | Lair:2   | Reached skill level 5 in Conjurations
 12171 | Lair:2   | Reached skill level 5 in Earth Magic
 12182 | Lair:2   | Reached skill level 4 in Shields
 12254 | Lair:2   | HP: 20/80 [poisoned by a cane toad]
 12259 | Lair:2   | HP: 13/80 [poisoned by a cane toad]
 12935 | D:9      | Bought a +4 rapier of speed for 476 gold pieces
 13292 | Lair:2   | Reached skill level 5 in Spellcasting
 13375 | Lair:2   | Found a hazy altar of Hepliaklqana.
 13536 | Lair:2   | HP: 19/80 [polar bear (4)]
 13862 | Lair:2   | HP: 15/80 [komodo dragon (27)]
 13877 | Lair:2   | HP: 10/80 [iguana (10)]
 13883 | Lair:2   | Mangled by a komodo dragon

Illustrated notes

Levels and vault maps discovered:
D:1:      kennysheep_arrival_forest, layout_loops_ring,
          chequers_ecumenical_altar_lobes, serial_bayou, serial_bayou_pond_e,
          serial_bayou_crossing, serial_bayou_pond_c, serial_bayou_pond_a,
          serial_bayou_pond_d, serial_shops, shop
D:2:      layout_loops_ring, serial_shops, shop
D:3:      layout_basic, mainiacjoe_overflow_catwalk_spiral,
          gammafunk_ghost_necromancy, kennysheep_generic_room_15
D:4:      layout_cave_pools, kiku_gazebo_pond_becter, grunt_qazlal_clouds,
          minmay_temple_entry_waves, serial_co_window_serial,
          co_window_corner_a, co_window_paths_b, co_window_of_opportunity_a,
          co_window_corner_a, co_window_corner_a, co_window_broadway_b,
          co_window_unsneaky_path_d, co_window_corner_b, glass_columns_b,
          glass_columns_a
D:5:      layout_cave_pools, serial_shops, shop, uniq_grinder
D:6:      layout_basic, nicolae_kite_square_tiling_tiny,
          kennysheep_pointless_box
D:7:      layout_loops_cross, uniq_maggie
D:8:      layout_basic, tgw_xom, minivault_24, st_stairs_2
D:9:      layout_loops_corners, grunt_nemelex_the_gamble,
          mainiacjoe_overflow_catwalk, erik_lair_orcish_takeover
D:10:     nicolae_cairo_tiling_large, layout_loops_ring, kennysheep_mini_moat,
          orc_0_dummy, uniq_snorg
Temple:   minmay_temple_curvy_branch
Lair:1:   layout_cave_pods, grunt_megastairs_3, uniq_fannar
Lair:2:   layout_cave_pods, minmay_swamp_entry_reptiles, spider_nest_entry_webs,
          basic_altar, beast_lair_carwin_8, lemuel_fruit_fields

Skill      XL: |  1  2  3  4  5  6  7  8  9 10 11 12 |
---------------+-------------------------------------+-----
Stealth        | 6 7 8 9 10 11 12 | 12.0
Short Blades   | 3 4 5 7 9 11 12 13 | 13.5
Dodging        | 2 3 4 6 |  6.0
Fighting       | 3 4 5 6 |  6.9
Spellcasting   | 2 4 5 |  5.0
Conjurations   | 2 4 5 |  5.4
Earth Magic    | 2 4 5 |  5.3
Shields        | 2 4 |  4.8
Throwing       | |  2.0

Action                     |  1- 3 |  4- 6 |  7- 9 | 10-12 || total
---------------------------+-------+-------+-------+-------++-------
  Melee: Dagger            |    64 |    70 |    11 |       ||   145
         Constrict         |    11 |    15 |    18 |    75 ||   119
         Tentacles         |     8 |    13 |    20 |   160 ||   201
         Punch             |     1 |     2 |     3 |    13 ||    19
         Rapier            |       |       |    98 |   539 ||   637
  Throw: Dart              |       |     1 |     1 |     1 ||     3
   Cast: Stone Arrow       |       |       |       |     5 ||     5
 Invoke: Call Merchant     |       |       |       |     2 ||     2
    Use: Scroll            |     1 |     8 |     5 |    11 ||    25
         Potion            |       |       |       |     2 ||     2
   Stab: Sleeping          |    17 |    11 |    20 |    20 ||    68
         Distracted        |       |       |     1 |    13 ||    14
 Armour: Skin              |    23 |    27 |    40 |   184 ||   274
  Dodge: Dodged            |    23 |    31 |    54 |   239 ||   347
  Block: Kite shield       |       |       |       |    75 ||    75

Table legend: (Time is in decaauts)
 A = Elapsed time spent in this place.
 B = Non-inter-level travel time spent in this place.
 C = Inter-level travel time spent in this place.
 D = Time resting spent in this place.
 E = Time spent auto-exploring this place.
 F = Levels seen in this place.
 G = Mean time per level.
                   A        B        C        D        E       F      G
               +--------+--------+--------+--------+--------+-----+--------+
         Total |  13663 |  12990 |    673 |   1905 |   8845 |  13 | 1051.0 |
       Dungeon |  10653 |  10137 |    516 |   1150 |   7296 |  10 | 1065.3 |
        Temple |     17 |      9 |      8 |      0 |      0 |   1 |   17.0 |
          Lair |   2992 |   2844 |    148 |    755 |   1549 |   2 | 1496.0 |
               +--------+--------+--------+--------+--------+-----+--------+

Top non-repeatable levels by time:
     D:9: 2053 daAuts
  Lair:1: 1690 daAuts
     D:8: 1459 daAuts
  Lair:2: 1302 daAuts
     D:7: 1059 daAuts
    D:10: 1052 daAuts
     D:1: 991 daAuts
     D:4: 936 daAuts
     D:6: 852 daAuts
     D:3: 849 daAuts
     D:2: 721 daAuts
     D:5: 678 daAuts
  Temple: 17 daAuts

Levels and vault maps discovered:
D:1:      kennysheep_arrival_forest, layout_loops_ring,
          chequers_ecumenical_altar_lobes, serial_bayou, serial_bayou_pond_e,
          serial_bayou_crossing, serial_bayou_pond_c, serial_bayou_pond_a,
          serial_bayou_pond_d, serial_shops, shop
D:2:      layout_loops_ring, serial_shops, shop
D:3:      layout_basic, mainiacjoe_overflow_catwalk_spiral,
          gammafunk_ghost_necromancy, kennysheep_generic_room_15
D:4:      layout_cave_pools, kiku_gazebo_pond_becter, grunt_qazlal_clouds,
          minmay_temple_entry_waves, serial_co_window_serial,
          co_window_corner_a, co_window_paths_b, co_window_of_opportunity_a,
          co_window_corner_a, co_window_corner_a, co_window_broadway_b,
          co_window_unsneaky_path_d, co_window_corner_b, glass_columns_b,
          glass_columns_a
D:5:      layout_cave_pools, serial_shops, shop, uniq_grinder
D:6:      layout_basic, nicolae_kite_square_tiling_tiny,
          kennysheep_pointless_box
D:7:      layout_loops_cross, uniq_maggie
D:8:      layout_basic, tgw_xom, minivault_24, st_stairs_2
D:9:      layout_loops_corners, grunt_nemelex_the_gamble,
          mainiacjoe_overflow_catwalk, erik_lair_orcish_takeover
D:10:     nicolae_cairo_tiling_large, layout_loops_ring, kennysheep_mini_moat,
          orc_0_dummy, uniq_snorg
Temple:   minmay_temple_curvy_branch
Lair:1:   layout_cave_pods, grunt_megastairs_3, uniq_fannar
Lair:2:   layout_cave_pods, minmay_swamp_entry_reptiles, spider_nest_entry_webs,
          basic_altar, beast_lair_carwin_8, lemuel_fruit_fields

Table legend: (Time is in decaauts)
 A = Elapsed time spent in this place.
 B = Non-inter-level travel time spent in this place.
 C = Inter-level travel time spent in this place.
 D = Time resting spent in this place.
 E = Time spent auto-exploring this place.
 F = Levels seen in this place.
 G = Mean time per level.
                   A        B        C        D        E       F      G
               +--------+--------+--------+--------+--------+-----+--------+
         Total |  13663 |  12990 |    673 |   1905 |   8845 |  13 | 1051.0 |
       Dungeon |  10653 |  10137 |    516 |   1150 |   7296 |  10 | 1065.3 |
        Temple |     17 |      9 |      8 |      0 |      0 |   1 |   17.0 |
          Lair |   2992 |   2844 |    148 |    755 |   1549 |   2 | 1496.0 |
               +--------+--------+--------+--------+--------+-----+--------+

Top non-repeatable levels by time:
     D:9: 2053 daAuts
  Lair:1: 1690 daAuts
     D:8: 1459 daAuts
  Lair:2: 1302 daAuts
     D:7: 1059 daAuts
    D:10: 1052 daAuts
     D:1: 991 daAuts
     D:4: 936 daAuts
     D:6: 852 daAuts
     D:3: 849 daAuts
     D:2: 721 daAuts
     D:5: 678 daAuts
  Temple: 17 daAuts

Table legend:
 A = Kills in this place as a percentage of kills in the entire game.
 B = Kills by you in this place as a percentage of kills by you in the entire game.
 C = Kills by friends in this place as a percentage of kills by friends in the entire game.
 D = Other kills in this place as a percentage of other kills in the entire game.
 E = Experience gained in this place as a percentage of experience gained in the entire game.
 F = Experience gained in this place divided by the number of levels of this place that you have seen.
                   A       B       C       D       E      F
               +-------+-------+-------+-------+-------+----------------------
         Total | 100.0 | 100.0 | 100.0 |   N/A | 100.0 | 2185.1
       Dungeon |  81.4 |  81.2 | 100.0 |   N/A |  49.7 | 1411.9
          Lair |  18.6 |  18.8 |   0.0 |   N/A |  50.3 | 7143.5
               +-------+-------+-------+-------+-------+----------------------
